 Dungeon Crawl Stone Soup version 0.23-b1-84-g6588a6b (webtiles) character file.

Game seed: 6986805780824481056

69 Copingsaw the Covered (level 4, -8/37 HPs)
             Began as a Barachi Fighter on Feb 8, 2019.
             Splashed by a jelly's acid (10 damage)
             ... on level 2 of the Dungeon.
             The game lasted 00:05:30 (2262 turns).

Copingsaw the Covered (Barachi Fighter)             Turns: 2262, Time: 00:05:31

Health: -8/37      AC: -8    Str: 18    XL:     4   Next: 20%
Magic:  4/4        EV:  7    Int:  9    God:
Gold:   111        SH:  9    Dex: 11    Spells: 3/3 levels left

rFire    . . .     SeeInvis .   a - +0 war axe
rCold    . . .     Gourm    .   c - +0 shield
rNeg     . . .     Faith    .   s - +0 scale mail
rPois    .         Spirit   .   (no helmet)
rElec    .         Reflect  .   (no cloak)
rCorr    .         Harm     .   (no gloves)
MR       .....                  (no boots)
Stlth    ..........             (no amulet)
HPRegen  0.12/turn              (no ring)
MPRegen  0.09/turn              (no ring)

@: corroded, slow
A: +LOS, swims, slowness 1, strong legs 1
a: Hop


You were on level 2 of the Dungeon.
You were hungry.

You visited 1 branch of the dungeon, and saw 2 of its levels.

You collected 111 gold pieces.

Inventory:

Hand Weapons
 a - a +0 war axe (weapon)
 b - a +0 hunting sling
Missiles
 i - 120 stones (quivered)
 l - 17 poisoned needles
Armour
 c - a +0 shield (worn)
 s - a +0 scale mail (worn)
Jewellery
 o - a +3 ring of evasion {unknown}
 p - an uncursed amulet of magic regeneration {unknown}
 r - an uncursed ring of poison resistance {unknown}
Scrolls
 e - a scroll of amnesia {unknown}
 m - a scroll of random uselessness {unknown}
 n - 3 scrolls of identify {unknown}
 q - a scroll of magic mapping {unknown}
 t - 2 scrolls of remove curse {unknown}
 u - a scroll of teleportation {unknown}
Potions
 d - a potion of might
 g - a potion of brilliance {unknown}
 h - 2 potions of degeneration {unknown}
 j - a potion of heal wounds {unknown}
 k - a potion of curing {unknown}
Comestibles
 f - 8 rations


   Skills:
 + Level 4.0 Fighting
 + Level 3.1 Axes
 + Level 0.2 Slings
 + Level 4.1 Armour
 - Level 0.3 Dodging
 + Level 4.1 Shields


You had 3 spell levels left.
You didn't know any spells.
Your spell library was empty.

Dungeon Overview and Level Annotations

Branches:
Dungeon (2/15)

Altars:
Ashenzari
Fedhas
Ru
Trog


Innate Abilities, Weirdness & Mutations

Shadows flee at your approach. (+LOS)
You can swim through water.
You cover ground slowly.
You can hop short distances.


Message History

A jelly comes into view.
The jelly quivers.
The jelly hits you but does no damage.
You slash the jelly! The acid corrodes you!
Your hands burn!
The jelly is heavily wounded.
The jelly hits you.
You are splashed with acid!
You hit the jelly. The acid corrodes you!
Your hands burn!
The jelly is severely wounded.
You block the jelly's attack. The jelly hits you. The acid corrodes you!
You are splashed with acid!
Your shield prevents you from hitting the jelly.
The jelly is severely wounded.
The jelly hits you.
* * * LOW HITPOINT WARNING * * *
The acid corrodes you!
You are splashed with acid!
* * * LOW HITPOINT WARNING * * *
The jelly hits you.
* * * LOW HITPOINT WARNING * * *
You are splashed with acid!
You die...

....##########.#
.............#.# #
...#########.#.# .# ..##
##........#### ..# ..#
##...##.......# ...# ###
#....########.# .... #
#....# ######.####..# #
#....# #............# #
#.#'####....@J####..# #
#.#..............#.## #
#.######.........#.#
#....###......<..#.# .
#................#.####.#
#.......#+##.......#....#
#......................#
#.......####.......##...#
#####.......#
#........##..#


You could see a jelly.

Vanquished Creatures
  3 adders
  An ooze (D:1)
  A worm (D:2)
  A dart slug (D:2)
  A leopard gecko (D:1)
  3 bats
  A giant cockroach (D:1)
  6 goblins
  3 hobgoblins (D:1)
  A quokka (D:2)
  A frilled lizard (D:1)
  8 kobolds
  4 rats
34 creatures vanquished.

Notes
Turn   | Place    | Note
-------+----------+-------------------------------------------
     0 | D:1      | Copingsaw the Barachi Fighter began the quest for the Orb.
     0 | D:1      | Reached XP level 1. HP: 18/18 MP: 1/1
   101 | D:1      | Reached XP level 2. HP: 18/25 MP: 2/2
   721 | D:1      | Reached XP level 3. HP: 23/30 MP: 3/3
  1701 | D:2      | Reached XP level 4. HP: 37/37 MP: 4/4
  1855 | D:2      | Found a sacrificial altar of Ru.
  1864 | D:2      | Found a shattered altar of Ashenzari.
  1865 | D:2      | Found a blossoming altar of Fedhas.
  1867 | D:2      | Found a bloodstained altar of Trog.
  2262 | D:2      | Splashed by a jelly's acid

Skill      XL: |  1  2  3 |
---------------+----------+-----
Shields        | 4 |  4.1
Armour         | 4 |  4.1
Fighting       | 4 |  4.0
Axes           | 3 |  3.1
Slings         | |  0.2
Dodging        | |  0.3

Action                   |  1- 3 |  4- 6 || total
-------------------------+-------+-------++-------
Melee: War axe           |    99 |    21 ||   120
 Fire: Hunting sling     |     8 |       ||     8
Throw: Stone             |    14 |     1 ||    15
  Eat: Ration            |     1 |       ||     1
       Chunk             |     1 |       ||     1
Armor: Scale mail        |    50 |    13 ||    63
Dodge: Dodged            |    32 |    10 ||    42
Block: Shield            |    52 |    17 ||    69
